 Dungeon Crawl Stone Soup version 0.29.1-2-gbd0b4ee654 (webtiles) character file.

Game seed: 13678410193398666799

74 warriortoast the Sneak (level 4, 0/21 HPs)
             Began as a Spriggan Enchanter on Nov 18, 2022.
             Was an Initiate of Yredelemnul.
             Slain by a frilled lizard (2 damage)
             ... on level 3 of the Dungeon.
             The game lasted 00:07:01 (3896 turns).

warriortoast the Sneak (Spriggan Enchanter)         Turns: 3896, Time: 00:07:01

Health: 0/21       AC:  2    Str:  6    XL:     4   Next: 10%
Magic:  5/10       EV: 18    Int: 16    God:    Yredelemnul [......]
Gold:   142        SH:  0    Dex: 15    Spells: 7/9 levels left

rFire   . . .      SeeInvis +   a - +1 dagger
rCold   . . .      Faith    .   (no shield)
rNeg    . . .      Spirit   .   b - +0 robe
rPois   .          Reflect  .   (helmet restricted)
rElec   .          Harm     .   (no cloak)
rCorr   .          Rampage  .   (gloves unavailable)
Will    .....                   (boots unavailable)
Stlth   +++.......              (no amulet)
HPRegen 0.07/turn               (no ring)
MPRegen 0.12/turn               (no ring)

@: lethally poisoned (0 -> -3), very quick
A: very small, no large weapons, unfitting armour, see invisible, speed 3
a: Renounce Religion, Recall Undead Harvest


You were on level 3 of the Dungeon.
You worshipped Yredelemnul.
Yredelemnul was noncommittal.
You visited 1 branch of the dungeon, and saw 3 of its levels.

You collected 142 gold pieces.

Inventory:

Hand Weapons
 a - a +1 dagger (weapon)
Armour
 b - a +0 robe (worn)
Scrolls
 d - 4 scrolls of teleportation {unknown}
 e - 3 scrolls of identify {unknown}
 g - a scroll of noise {unknown}
 h - a scroll of magic mapping {unknown}
 i - 2 scrolls of silence {unknown}
 l - a scroll of poison {unknown}
 o - a scroll of blinking {unknown}
Potions
 c - 2 potions of invisibility
 f - a potion of lignification {unknown}
 j - a potion of magic {unknown}
 k - a potion of curing {unknown}
 m - a potion of attraction {unknown}
 n - a potion of mutation {unknown}


   Skills:
 + Level 2.0 Short Blades
 + Level 3.4 Dodging
 + Level 5.1 Stealth
 + Level 3.4 Spellcasting
 + Level 4.1 Hexes
 + Level 0.6 Invocations


You had 7 spell levels left.
You knew the following spells:

 Your Spells              Type           Power      Damage    Failure   Level
a - Ensorcelled Hibernat  Hex/Ice        18%        N/A       12%         2

Your spell library contained the following spells:

 Spells                   Type           Power      Damage    Failure   Level
 Confusing Touch          Hex            16%        N/A       10%         3
 Tukima's Dance           Hex            16%        N/A       10%         3
 Dazzling Flash           Conj/Hex       18%        N/A       22%         3


Dungeon Overview and Level Annotations

Branches:
Dungeon (3/15)

Altars:
Ashenzari
Yredelemnul


Innate Abilities, Weirdness & Mutations

You are very small and have problems with some larger weapons.
You are too small for most types of armour.
You have supernaturally acute eyesight. (SInv)
You cover ground extremely quickly. (Speed+++)


Message History

Casting: Ensorcelled Hibernation (safe; 12% risk of failure)
Confirm with . or Enter, or press ? or * to list all spells.
Aiming: Ensorcelled Hibernation (safe; 12% risk of failure)
Press: ? - help, Shift-Dir - straight line, f - kobold
Aim: a kobold, wielding a +0 short sword and quivering stones (chance to affect: 61%)
The kobold looks drowsy...
The helpless kobold fails to defend itself.
You impale the kobold!!
You kill the kobold!
The dead are walking!
Casting: Ensorcelled Hibernation (safe; 12% risk of failure)
Confirm with . or Enter, or press ? or * to list all spells.
Aiming: Ensorcelled Hibernation (safe; 12% risk of failure)
Press: ? - help, Shift-Dir - straight line, f - adder
Aim: an adder (ally target, chance to affect: 51%)
The adder resists with some effort.
Your kobold zombie hits the frilled lizard.
The adder bites you.
You are poisoned.
The adder poisons you!
You feel sick. The adder bites you.
You feel sick. The adder bites you. Something bites your kobold zombie!
Your kobold zombie is destroyed!
The frilled lizard bites you but does no damage.
The adder barely misses you.
You feel sick. The adder closely misses you.
The frilled lizard completely misses you.
You feel sick. The adder misses you.
The frilled lizard bites you but does no damage.
You feel sick. The adder completely misses you.
The frilled lizard bites you but does no damage.
The adder misses you.
You feel sick. The adder bites you.
* * * LOW HITPOINT WARNING * * *
You are lethally poisoned!
The adder poisons you! The frilled lizard misses you.
* * * LOW HITPOINT WARNING * * *
You feel sick. The adder closely misses you. The frilled lizard bites you.
You die...
Your body rises from the dead as a mindless zombie.

. ##.#..# ..
.....### ..
.......
#.####....##
.##..........# #
.......w)..#.##.#
......).w........
.#######S....####
#.....@lr...$...
#.######.###..##
..........# ...
#######.#.# .
...#.# #####.#
#######.########
................
#######.########


You could see a worm, an adder, a frilled lizard and a rat.

Vanquished Creatures
  A worm (D:2)
  4 dart slugs (D:1)
  An orc (D:3)
  6 ball pythons (D:1)
  7 endoplasms
  3 giant cockroaches
  3 goblins
  3 hobgoblins
  A quokka (D:1)
  4 bats (D:1)
  2 frilled lizards
  3 kobolds
  4 rats
  A toadstool (D:1)
43 creatures vanquished.

Vanquished Creatures (collateral kills)
  An adder (D:2)
  A dart slug (D:1)
  2 endoplasms (D:1)
  A hobgoblin (D:1)
  A ball python (D:1)
6 creatures vanquished.

Vanquished Creatures (others)
  A bat zombie (D:1)
  An endoplasm zombie (D:2)
  A kobold zombie (D:3)
  3 toadstools (D:1)
6 creatures vanquished.

Grand Total: 55 creatures vanquished

Notes
Turn   | Place    | Note
-------+----------+-------------------------------------------
     0 | D:1      | warriortoast the Spriggan Enchanter began the quest for the
                  | Orb.
     0 | D:1      | Reached XP level 1. HP: 9/9 MP: 5/5
   255 | D:1      | Reached XP level 2. HP: 13/13 MP: 6/6
   260 | D:1      | Learned a level 2 spell: Ensorcelled Hibernation
   562 | D:1      | Found a faded altar of an unknown god.
   682 | D:1      | Prayed at the altar of an unknown god.
   682 | D:1      | Became a worshipper of Yredelemnul the Dark
   682 | D:1      | Reached * piety under Yredelemnul
  1224 | D:1      | Reached ** piety under Yredelemnul
  1538 | D:1      | Reached XP level 3. HP: 14/16 MP: 8/8
  1796 | D:1      | Reached *** piety under Yredelemnul
  1981 | D:1      | Reached skill level 5 in Stealth
  2431 | D:2      | Found a broken altar of Ashenzari.
  3617 | D:2      | Reached XP level 4. HP: 11/21 MP: 8/10
  3896 | D:3      | Slain by a frilled lizard

Illustrated notes

Levels and vault maps discovered:
D:1:      ldierk_water_garden, layout_loops_corners,
          ebering_ecumenical_altar_webs
D:2:      layout_rooms, basic_altar
D:3:      layout_basic, chequers_temple_overflow_minitemple

Skill      XL: |  1  2  3 |
---------------+----------+-----
Dodging        | 3 |  3.4
Spellcasting   | 3 |  3.4
Hexes          | 4 |  4.1
Stealth        | 5 |  5.1
Short Blades   | 2 |  2.0
Invocations    | |  0.6

Action                   |  1- 3 |  4- 6 || total
-------------------------+-------+-------++-------
Melee: Dagger            |   147 |     5 ||   152
       Punch             |     2 |       ||     2
 Cast: Ensorcelled Hiber |     1 |     3 ||     4
Invok: Recall Undead Har |    10 |     1 ||    11
 Stab: Sleeping          |    13 |     3 ||    16
Armor: Robe              |    12 |     3 ||    15
Dodge: Dodged            |    74 |    13 ||    87
